 Dungeon Crawl Stone Soup version 0.29-a0-732-g3d7fbe0af2 (webtiles) character file.

Game seed: 6753704773276459854

2994067 Zappman123 the Shatterer (level 27, 219/219 HPs)
             Began as a Meteoran Fighter on June 29, 2022.
             Was an Elder of Okawaru.
             Escaped with the Orb
             ... and 3 runes!
             The game lasted 02:53:07 (25394 turns).

Zappman123 the Shatterer (Meteoran Fighter)        Turns: 25394, Time: 02:53:08

Health: 219/219    AC: 35    Str: 25    XL:     27
Magic:  37/37      EV: 21    Int: 14    God:    Okawaru [****..]
Gold:   2059       SH: 28    Dex: 18    Spells: 22/54 levels left

rFire   + + +      SeeInvis +   a - +9 eveningstar (vorpal)
rCold   . . .      Faith    .   M - +4 kite shield of Beyond {Rampage}
rNeg    . . .      Spirit   .   L - +8 fire dragon scales
rPois   +          Reflect  +   e - +2 hat
rElec   +          Harm     .   H - scarf {rC+ rF+}
rCorr   .          Rampage  +   R - +2 pair of gloves {Dex+3}
Will    +++..                   S - +2 pair of boots of Pandemonium {+Inv rPois MP-9 Slay+3}
Stlth   +.........              c - amulet "Hibeym" {Reflect +Blink rElec rF+ Int+4 SH+5}
HPRegen 0.46/turn               g - ring "Jonto" {Fly rF+ Will- SInv}
MPRegen 0.25/turn               T - ring "Kierio" {Fly rElec rF- Will+ Stlth+}

@: flying, hasted, glowing, very quick
A: sense surroundings 3, otherworldly, glowing, explore regen, claws 1,
iridescent scales 1, large bone plates 1, clumsy 1, deterioration 1, dopey 2,
frail 1, high MP 1, inhibited regeneration, weak 1, subdued magic 1, inability
to read while threatened 1
0: Orb of Zot
}: 3/15 runes: decaying, silver, gossamer
a: Renounce Religion, Evoke Blink, Evoke Invisibility, Heroism, Finesse


You escaped.
You worshipped Okawaru.
Okawaru was greatly pleased with you.
You visited 8 branches of the dungeon, and saw 44 of its levels.
You visited 1 bazaar.
You also visited: Bailey.

You collected 3511 gold pieces.
You spent 1452 gold pieces at shops.

Inventory:

Hand Weapons
 a - a +9 vorpal eveningstar (weapon)
Missiles
 G - 4 curare-tipped darts (quivered)
Armour
 e - a +2 hat (worn)
 H - a scarf of resistance (worn)
 L - +8 fire dragon scales (worn)
 M - the +4 kite shield of Beyond (worn) {Rampage}
   (Okawaru gifted it to you on level 14 of the Dungeon)

   Rampage:   It bestows one free step when moving towards enemies.
 R - a +2 pair of gloves of dexterity (worn)
 S - the +2 pair of boots of Pandemonium (worn) {+Inv rPois MP-9 Slay+3}
   (You acquired it on level 14 of the Dungeon)

   Slay:      It affects your accuracy & damage with ranged weapons and melee
   (+3).
   rPois:     It protects you from poison.
   MP:        It affects your magic capacity (-9).
   +Inv:      It lets you turn invisible.
Jewellery
 c - the amulet "Hibeym" (around neck) {Reflect +Blink rElec rF+ Int+4 SH+5}
   (You acquired it on level 2 of the Realm of Zot)

   [amulet of reflection]

   It reflects blocked missile attacks.
   Int:       It affects your intelligence (+4).
   rF:        It protects you from fire.
   rElec:     It insulates you from electricity.
   +Blink:    It lets you blink.
   SH:        It affects your SH (+5).
 g - the ring "Jonto" (left hand) {Fly rF+ Will- SInv}
   (You took it off a yaktaur captain on level 5 of the Vaults)

   [ring of protection from fire]

   rF:        It protects you from fire.
   SInv:      It lets you see invisible.
   Fly:       It grants you flight.
   Will:      It decreases your willpower.
 i - an amulet of regeneration
 T - the ring "Kierio" (right hand) {Fly rElec rF- Will+ Stlth+}
   (You found it on level 4 of the Swamp)

   [ring of willpower]

   rF:        It makes you vulnerable to fire.
   rElec:     It insulates you from electricity.
   Fly:       It grants you flight.
   Will:      It increases your willpower.
   Stlth:     It makes you more stealthy.
Wands
 E - a wand of paralysis (13)
 K - a wand of iceblast (5)
 N - a wand of quicksilver (19)
 O - a wand of polymorph (14)
 Q - a wand of digging (4)
 X - a wand of mindburst (5)
 Z - a wand of flame (29)
Scrolls
 b - 10 scrolls of noise
 h - 7 scrolls of fear
 v - 3 scrolls of torment
 A - 6 scrolls of teleportation
 B - a scroll of blinking
 C - 2 scrolls of amnesia
 D - 2 scrolls of brand weapon
 J - 2 scrolls of fog
 P - 4 scrolls of enchant armour
Potions
 d - 4 potions of resistance
 f - a potion of haste
 l - 4 potions of magic
 n - 2 potions of might
 p - 13 potions of curing
 r - 6 potions of heal wounds
 u - 2 potions of cancellation
 w - 7 potions of ambrosia
 y - a potion of mutation
Miscellaneous
 j - a lightning rod (1/4)
 k - a tin of tremorstones (inert)
 m - a condenser vane (inert)
 z - a phial of floods (inert)


   Skills:
 + Level 19.5 Fighting
 * Level 21.9 Maces & Flails
 - Level 20.0 Armour
 - Level 20.0 Dodging
 - Level 18.0 Shields
 - Level 14.0 Spellcasting
 - Level 12.0 Conjurations
 - Level 6.0 Hexes
 - Level 14.0 Translocations
 - Level 15.0 Transmutations
 - Level 12.0 Invocations
 - Level 12.0 Evocations


You had 22 spell levels left.
You knew the following spells:

 Your Spells              Type           Power      Damage    Failure   Level
a - Manifold Assault      Tloc           37%        N/A       1%          5
c - Borgnjor's Vile Clut  Necr/Erth      3%         N/A       99%         5
h - Irradiate             Conj/Tmut      18%        3d19      1%          5
p - Passage of Golubria   Tloc           37%        N/A       1%          4
y - Yara's Violent Unrav  Hex/Tmut       15%        3d8       5%          5
A - Apportation           Tloc           74%        N/A       1%          1
C - Blink                 Tloc           74%        N/A       1%          2
S - Silence               Hex/Air        7%         N/A       80%         5

Your spell library contained the following spells:

 Spells                   Type           Power      Damage    Failure   Level
 Slow                     Hex            80%        N/A       1%          1
 Dazzling Flash           Conj/Hex       52%        N/A       1%          3
 Lesser Beckoning         Tloc           37%        N/A       1%          3
 Portal Projectile        Hex/Tloc       58%        N/A       1%          3
 Iskenderun's Mystic Bla  Conj/Tloc      35%        2d8       1%          4
 Fulminant Prism          Conj/Hex       13%        3d9       3%          4
 Ice Form                 Ice/Tmut       23%        N/A       7%          4
 Petrify                  Tmut/Erth      23%        N/A       7%          4
 Cause Fear               Hex            10%        N/A       13%         4
 Hailstorm                Conj/Ice       20%        3d6       13%         4
 Inner Flame              Hex/Fire       14%        N/A       14%         3
 Necrotize                Necr           28%        1d5       16%         1
 Alistair's Intoxication  Tmut/Pois      15%        N/A       21%         5
 Sublimation of Blood     Necr           7%         N/A       24%         2
 Frozen Ramparts          Ice            14%        1d3       45%         3
 Ozocubu's Armour         Ice            7%         N/A       45%         3
 Vampiric Draining        Necr           7%         2d6       45%         3
 Eringya's Noxious Bog    Tmut/Pois      11%        N/A       77%         6
 Disjunction              Tloc           18%        N/A       98%         8
 Agony                    Necr           7%         N/A       99%         5
 Lee's Rapid Deconstruct  Erth           3%         3d6*      99%         5
 Ozocubu's Refrigeration  Ice            3%         4d5       100%        7
 Discord                  Hex            10%        N/A       100%        8
 Lehudib's Crystal Spear  Conj/Erth      10%        10d4      100%        8
 Tukima's Dance           Hex            Unusable   N/A       N/A         3
 Summon Small Mammal      Summ           Unusable   N/A       N/A         1
 Animate Dead             Necr           Unusable   N/A       N/A         4
 Summon Ice Beast         Ice/Summ       Unusable   N/A       N/A         4
 Death Channel            Necr           Unusable   N/A       N/A         6
 Simulacrum               Ice/Necr       Unusable   N/A       N/A         6

Dungeon Overview and Level Annotations

Branches:
Dungeon (15/15)            Temple (0/1) D:5            Lair (6/6) D:10
  Swamp (4/4) Lair:3       Spider (4/4) Lair:4        Slime (0/5) Lair:5
    Orc (0/2) D:11         Vaults (5/5) D:14         Depths (4/4) D:15
   Hell (visited)             Zot (5/5) Depths:4     Bailey (visited)
  Crypt: Vaults:2-3     Dis: Hell:1         Geh: Hell:1         Coc: Hell:1
    Tar: Hell:1

Altars:
Ashenzari
Fedhas
Gozag
Hepliaklqana
Okawaru
Trog
Xom
Yredelemnul
Beogh
Jiyva
Lugonu

Shops:
D:6 !   D:9 *   D:10 [   Vaults:1 (   Vaults:4 (   Vaults:5 !

Portals:
Hell: Depths:2 Depths:4
Abyss: Depths:2 Depths:3 Depths:4
Pandemonium: Depths:2 Depths:3
Ziggurat: Depths:2
Trove: D:15 (give 14 scrolls of teleportation)

Annotations:
D:3 NiggerDarts's ghost, amateur HuFi
D:4 anonymous's ghost, novice MiGl
Spider:3 1 runed translucent door, NiggerDarts's ghost, adept HuFi
Hell Geryon
Zot:3 Vv
Zot:5 3 runed translucent doors, 1 exclusion, Oczupsu's ghost, legendary GrFi


Innate Abilities, Weirdness & Mutations

You passively map a large area around you.
You are easily found by Zot.
You glow in the dark.
You regain HP and MP as you explore.
You have sharp fingernails.
You are partially covered in iridescent scales. (AC +2)
You are partially covered in large bone plates. (SH +4)
You are clumsy. (Dex -2)
Your body sometimes deteriorates upon taking damage.
You are very dopey. (Int -4)
You are frail. (-10% HP)
You have an increased reservoir of magic. (+10% MP)
You do not regenerate when monsters are visible.
You are weak. (Str -2)
Your spells are a little easier to cast, but a little less powerful.
You occasionally lose the ability to read scrolls when taking damage.


Message History

You feel much better.
You feel much better.
(D) Dungeon (T) Temple (L) Lair (S) Swamp (N) Spider Nest (M) Slime Pits (O) Orcish Mines (V) Vaults (U) Depths (H) Hell (Z) Zot
Where to? (Enter - D:1, ? - help)
What level of the Dungeon? (default 1, ? - help)
There is a stone staircase leading up here.
You fly upwards.
Level annotation: anonymous's ghost, novice MiGl
There is a stone staircase leading down here.
There is an open door here.
Magic restored.
There is an open door here.
A red devil comes into view.
It is wielding a +2 demon trident of electrocution.
There is a stone staircase leading up here.
You fly upwards.
Level annotation: NiggerDarts's ghost, amateur HuFi
There is a stone staircase leading down here.
You feel better.
Your magical contamination has completely faded away.
You feel better.
(D) Dungeon (T) Temple (L) Lair (S) Swamp (N) Spider Nest (M) Slime Pits (O) Orcish Mines (V) Vaults (U) Depths (H) Hell (Z) Zot
Where to? (Enter - D:1, ? - help)
What level of the Dungeon? (default 1, ? - help)
There is a stone staircase leading up here.
You fly upwards.
There is a stone staircase leading down here.
HP restored.
There is a stone staircase leading up here.
You fly upwards.
There is a stone staircase leading down here.
You feel yourself speed up.
You reach down and open the door.
There is an open door here.
There is a staircase leading out of the dungeon here.
You can't go down here!
You have escaped!

####### * , #####
* * * * * * #... ,
, ,* ######.#*
######### *
..)....# #.......#
#####..# ###'#+###
, #..# ###.....# ,
#..# #.'.....# * *
#####.>###.#..8[@#
,
#..........'.....#
*,
#.###..#####.....#
... , , #### * *
#..# ####### ..#
*###... #..# , ,
... ..... #..# *
.# #.# **#.## ,
#..## *.# #.# #...
* #...# .# ###.#
###... ,*
#.#.#####.#
##...#####.....


There were no monsters in sight!

Vanquished Creatures
  6 orbs of fire
  2 ancient liches
  2 dread liches (Zot:5)
  3 Killer Klowns (Zot:5)
  5 caustic shrikes (Depths:3)
  Frederick (Depths:4)
  7 golden dragons
  A bone dragon (Swamp:4)
  2 doom hounds (Zot:3)
  4 electric golems
  Jorgrun (D:15)
  Mlioglotl (Arena)
  9 tentacled monstrosities
  Grunn (Zot:3)
  2 liches
  8 titans
  27 Orb Guardians
  An Executioner (D:14)
  9 quicksilver dragons
  A pandemonium lord (Zot:1)
  4 sphinxes
  6 death cobs
  4 tengu reavers
  2 thorn hunters
  Kirke (D:15)
  A demonspawn warmonger (D:14)
  6 shadow dragons
  Agnes (Spider:1)
  12 storm dragons
  A draconian knight (Zot:5)
  4 draconian monks
  3 iron dragons
  6 frost giants
  A fenstrider witch (Swamp:4)
  16 vault wardens
  7 emperor scorpions
  9 fire giants
  2 draconian scorchers (Zot:1)
  2 draconian shifters
  A balrug (Depths:3)
  5 ghost moths (Spider:4)
  13 ironbound preservers
  4 draconian stormcallers
  12 very ugly things
  3 ghouls (Swamp:2)
  5 broodmothers
  3 war gargoyles (Vaults:5)
  4 stone giants
  6 draconian annihilators
  4 ironbound thunderhulks
  2 green draconians
  A demonspawn blood saint (D:14)
  A reaper (D:14)
  2 spriggan defenders (Depths:2)
  4 vampire knights
  A deep elf demonologist (Depths:3)
  6 purple draconians
  9 white draconians
  7 yellow draconians
  8 black draconians
  6 red draconians
  4 eleionomae
  6 bunyips
  6 entropy weavers
  10 dire elephants
  6 spark wasps
  A deep elf death mage (Vaults:5)
  6 fire dragons
  6 deep elf high priests
  A blizzard demon (Depths:3)
  5 jiangshi
  7 ettins
  A shambling mangrove (Swamp:4)
  11 yaktaur captains
  An ice dragon (Depths:3)
  Harold (Lair:1)
  A great orb of eyes (Vaults:1)
  A rakshasa (D:14)
  28 vault guards
  15 hydras
  12 boulder beetles
  A jorogumo (Spider:4)
  3 ogre magi
  A spriggan air mage (Depths:2)
  3 ironbound frosthearts
  2 ghost crabs
  12 two-headed ogres
  Erica (D:8)
  6 centaur warriors
  3 radroaches
  3 deep troll shamans
  8 alligators
  11 deep troll earth magi
  13 tengu warriors
  5 soul eaters
  2 vampire magi
  6 spriggan berserkers
  3 hell hogs (Depths:3)
  2 death yaks (Lair:6)
  6 sun demons
  5 hell knights (Depths:2)
  22 slime creatures
  Nergalle (D:11)
  Amaemon (Lair:1)
  2 goliath frogs
  8 skeletal warriors
  15 iron trolls
  A titan skeleton (Vaults:2)
  A shadow wraith (Depths:3)
  5 flayed ghosts
  3 sixfirhies
  A shadow demon (Depths:2)
  A death drake (Swamp:3)
  4 steelbarb worms
  2 quicksilver dragon simulacra (Depths:3)
  6 pharaoh ants
  2 spriggan druids (Swamp:2)
  8 phantasmal warriors
  3 glowing orange brains
  3 spectral hydras (Swamp:4)
  13 bog bodies
  48 deep trolls
  7 harpies (Vaults:1)
  7 lindwurms
  8 swamp dragons
  15 ironbound convokers
  8 orb spiders
  Pikel (D:7)
  9 wizards
  10 necromancers
  A deep elf pyromancer (D:14)
  18 wolf spiders
  3 orc sorcerers (D:15)
  5 orc knights
  A stone giant zombie (Vaults:2)
  An oklob plant (Swamp:4)
  31 ugly things
  3 manticores
  6 will-o-the-wisps
  A faun (shapeshifter) (Depths:4)
  23 moths of wrath
  8 cyclopes
  A toenail golem (Zot:3)
  10 elephants
  A rust devil (D:14)
  7 black mambas
  13 vault sentinels
  2 centaur zombies (D:15)
  6 torpor snails
  A smoke demon (D:14)
  An ice statue (Depths:3)
  6 demonic crawlers
  9 spectral spriggans (Swamp:2)
  A centaur skeleton (D:15)
  2 orange demons
  12 cane toads
  A tormentor (D:5)
  Maggie (D:6)
  7 rime drakes
  2 swamp worm zombies (Swamp:4)
  3 unseen horrors
  A yaktaur (shapeshifter) (Vaults:5)
  A kobold demonologist (D:10)
  6 komodo dragons
  2 hellwings (D:14)
  An efreet (D:14)
  40 yaktaurs
  A red devil (D:14)
  3 tengu conjurers
  4 freezing wraiths
  A yaktaur skeleton (Vaults:5)
  3 ice devils
  5 polar bears
  4 hydra zombies (Swamp:4)
  3 meliai
  A tengu simulacrum (Vaults:5)
  2 bloated husks (Swamp:4)
  5 trolls
  Prince Ribbit (D:8)
  Grinder (D:5)
  21 hornets
  13 blink frogs
  25 tarantellas
  8 tyrant leeches
  3 alligator zombies (Swamp:4)
  A tarantella (shapeshifter) (Vaults:5)
  12 dream sheep (Lair:6)
  32 jumping spiders
  2 spectral swamp dragons (Swamp:4)
  19 culicivoras
  25 spriggans
  A culicivora (shapeshifter) (D:13)
  A water elemental (Depths:2)
  A wyvern (shapeshifter) (Vaults:5)
  4 wyverns
  2 spriggans (shapeshifter)
  24 humans
  4 wraiths
  An ettin skeleton (Vaults:2)
  6 basilisks
  3 hogs (D:15)
  62 yaks
  51 redbacks
  2 chaos spawn (D:14)
  6 vampire mosquitoes
  11 swamp worms
  Menkaure (D:5)
  A warg (Vaults:5)
  A human zombie (Vaults:2)
  An acid dragon (D:12)
  8 water moccasins
  2 glowing shapeshifter skeletons
  14 orc warriors
  2 swamp drakes
  A sky beast (D:7)
  6 black bears
  5 ettin simulacra (Depths:3)
  An ice beast (D:6)
  3 swamp dragon zombies (Swamp:4)
  A black bear (shapeshifter) (Vaults:5)
  29 centaurs
  5 ogres
  37 wolves
  8 boggarts
  A human skeleton (Vaults:2)
  2 lemures (D:7)
  7 phantoms
  Blork the orc (D:6)
  2 gnoll sergeants
  2 necrophages
  2 kobold brigands
  14 bullfrogs
  2 scorpions
  3 wights (D:8)
  19 killer bees
  A human simulacrum (Vaults:5)
  4 howler monkeys
  4 electric eels
  2 bullfrog skeletons (D:4)
  9 hounds
  2 jellies
  7 orc priests
  A gnoll shaman (D:5)
  Crazy Yiuf (D:7)
  2 iguanas
  An iguana (shapeshifter) (Vaults:5)
  10 orc wizards
  3 hell rats
  2 spectral swamp drakes (Swamp:4)
  18 gnolls
  An adder (D:2)
  A swamp drake zombie (Swamp:4)
  A shadow imp (D:7)
  2 white imps
  An ufetubus (D:6)
  5 dart slugs
  53 orcs
  12 ball pythons
  5 endoplasms
  5 giant cockroaches
  6 goblins
  9 hobgoblins
  4 jackals
  18 kobolds
  4 quokkas
  4 bats
  5 frilled lizards
  4 rats (D:1)
1728 creatures vanquished.

Vanquished Creatures (others)
  Donald (Swamp:3)
  A black draconian (Zot:1)
  A deep elf high priest (Vaults:5)
  An alligator (Swamp:3)
  A goliath frog (Swamp:3)
  A wizard (Swamp:4)
  A will-o-the-wisp (Swamp:3)
  A yaktaur (Vaults:1)
  12 bloated husks
  An ice beast (shapeshifter) (Vaults:5)
  A phantom (Swamp:4)
  An orc (D:11)
  2 demonic plants (D:14)
  32 foxfires
  14 fungi
  19 plants
90 creatures vanquished.

Grand Total: 1818 creatures vanquished

Notes
Turn   | Place    | Note
-------+----------+-------------------------------------------
     0 | D:1      | Zappman123 the Meteoran Fighter began the quest for the
                  | Orb.
     0 | D:1      | Reached XP level 1. HP: 19/19 MP: 2/2
    36 | D:1      | Reached skill level 3 in Maces & Flails
    80 | D:1      | Reached XP level 2. HP: 26/26 MP: 3/3
   210 | D:1      | Reached skill level 4 in Maces & Flails
   234 | D:1      | Noticed a shining eye
   252 | D:1      | Reached XP level 3. HP: 30/31 MP: 4/4
   271 | D:1      | Noticed a floating eye
   273 | D:1      | Found a faded altar of an unknown god.
   279 | D:1      | Noticed a golden eye
   291 | D:1      | Noticed a floating eye
   365 | D:2      | Gained mutation: You are partially covered in iridescent
                  | scales. (AC +2) [potion of mutation]
   365 | D:2      | Gained mutation: Your flesh is cold resistant. (rC+)
                  | [potion of mutation]
   386 | D:1      | Reached skill level 5 in Maces & Flails
   395 | D:2      | Reached XP level 4. HP: 27/38 MP: 5/5
   560 | D:2      | Reached skill level 6 in Maces & Flails
   613 | D:2      | Reached XP level 5. HP: 44/45 MP: 6/6
   652 | D:2      | Found an iron altar of Okawaru.
   662 | D:2      | Became a worshipper of Warmaster Okawaru
   887 | D:3      | Noticed an ogre
   895 | D:3      | Killed an ogre
   896 | D:3      | Reached skill level 7 in Maces & Flails
   896 | D:3      | Reached XP level 6. HP: 35/52 MP: 7/7
  1015 | D:3      | Found a broken altar of Ashenzari.
  1114 | D:3      | Found a runed translucent gate.
  1114 | D:3      | Found a runed translucent gate.
  1116 | D:3      | Found a runed translucent gate.
  1117 | D:3      | Noticed NiggerDarts's ghost (amateur HuFi)
  1117 | D:3      | Identified the +1 chain mail "Iche" {rElec rPois Will+}
  1150 | D:3      | HP: 4/52 [orc/+0 hand axe (6)]
  1252 | D:3      | Reached skill level 8 in Maces & Flails
  1429 | D:4      | Reached * piety under Okawaru
  1430 | D:4      | Reached skill level 1 in Invocations
  1430 | D:4      | Reached XP level 7. HP: 48/60 MP: 8/8
  1466 | D:4      | Found a transporter.
  1489 | D:4      | Found a transporter.
  1493 | D:4      | Noticed anonymous's ghost (novice MiGl)
  1612 | D:4      | Found a hazy altar of Hepliaklqana.
  1619 | D:5      | Entered Level 5 of the Dungeon
  1642 | D:4      | Reached XP level 8. HP: 57/67 MP: 10/10
  1699 | D:5      | Reached skill level 5 in Fighting
  1709 | D:5      | Reached ** piety under Okawaru
  1719 | D:5      | Identified the ring of Itotecea {Fly rF- MP+9 SInv Stlth+}
  1729 | D:5      | Found a staircase to the Ecumenical Temple.
  1739 | D:5      | Reached skill level 5 in Armour
  1749 | D:5      | Noticed Menkaure
  1759 | D:5      | Killed Menkaure
  1760 | D:5      | Reached skill level 9 in Maces & Flails
  1760 | D:5      | Reached skill level 5 in Shields
  2076 | D:5      | Noticed Grinder
  2096 | D:5      | Killed Grinder
  2097 | D:5      | Gained mutation: You passively map the area around you.
                  | [Meteoran growth]
  2097 | D:5      | Reached XP level 9. HP: 62/75 MP: 13/13
  2248 | D:6      | Noticed Blork the orc
  2259 | D:6      | Killed Blork the orc
  2288 | D:6      | Reached skill level 5 in Invocations
  2368 | D:6      | Noticed Maggie
  2374 | D:6      | Killed Maggie
  2374 | D:6      | Reached *** piety under Okawaru
  2575 | D:6      | Reached skill level 10 in Maces & Flails
  2593 | D:6      | Got Viasea's Compendium of Spatial Hexes
  2624 | D:6      | Reached XP level 10. HP: 54/83 MP: 15/15
  2826 | D:6      | Found Amufith's Distillery.
  2842 | D:6      | Bought a potion of lignification for 33 gold pieces
  2842 | D:6      | Bought a potion of flight for 33 gold pieces
  2842 | D:6      | Bought a potion of might for 44 gold pieces
  2842 | D:6      | Bought 2 potions of curing for 66 gold pieces
  2842 | D:6      | Bought a potion of heal wounds for 55 gold pieces
  2842 | D:6      | Bought a potion of curing for 33 gold pieces
  2842 | D:6      | Bought a potion of brilliance for 44 gold pieces
  3056 | D:7      | Reached **** piety under Okawaru
  3351 | D:7      | Noticed Pikel
  3359 | D:7      | Killed Pikel
  3360 | D:7      | Reached skill level 11 in Maces & Flails
  3575 | D:7      | Found a runed translucent door.
  3576 | D:7      | Noticed Crazy Yiuf
  3580 | D:7      | Killed Crazy Yiuf
  3593 | D:7      | Identified the +10 hammer of Disintegration {freeze, Dex+4}
  3678 | D:8      | Noticed Erica
  3687 | D:8      | Killed Erica
  3687 | D:8      | Reached ***** piety under Okawaru
  3688 | D:8      | Reached XP level 11. HP: 62/94 MP: 18/18
  3707 | D:8      | Reached skill level 12 in Maces & Flails
  3792 | D:8      | Noticed Prince Ribbit
  3795 | D:8      | Killed Prince Ribbit
  3796 | D:8      | Reached skill level 13 in Maces & Flails
  4012 | D:9      | Found Leoptox's Lightly-Used Armoury.
  4046 | D:9      | Reached skill level 14 in Maces & Flails
  4046 | D:9      | Reached skill level 1 in Dodging
  4187 | D:9      | Found a flagged portal.
  4196 | Bailey   | Entered a bailey
  4339 | Bailey   | Noticed an orc knight
  4339 | Bailey   | Noticed an orc knight
  4365 | Bailey   | Killed an orc knight
  4365 | Bailey   | Received a gift from Okawaru
  4366 | Bailey   | Reached skill level 5 in Dodging
  4419 | Bailey   | Killed an orc knight
  4441 | Bailey   | Identified the +2 pair of boots "Ukeana" {rC+}
  4670 | D:10     | Entered Level 10 of the Dungeon
  4675 | D:10     | Found Viothrumm's Armour Emporium.
  4685 | D:10     | Reached XP level 12. HP: 101/101 MP: 19/19
  4699 | D:10     | Noticed a sixfirhy
  4702 | D:10     | Noticed a sixfirhy
  4705 | D:10     | Received a gift from Okawaru
  4817 | D:10     | Noticed a two-headed ogre
  4828 | D:10     | Killed a two-headed ogre
  4861 | D:10     | Reached skill level 10 in Dodging
  5079 | D:10     | Bought a scarf of resistance for 448 gold pieces
  5267 | D:10     | Found a staircase to the Lair.
  5395 | D:11     | Noticed Nergalle
  5418 | D:11     | Killed Nergalle
  5492 | D:11     | Identified the +0 scale mail of the Volcano {rF+ rCorr}
                  | (Okawaru gifted it to you on level 11 of the Dungeon)
  5492 | D:11     | Received a gift from Okawaru
  5639 | D:11     | Noticed a two-headed ogre
  5649 | D:11     | Killed a two-headed ogre
  5650 | D:11     | Reached XP level 13. HP: 88/107 MP: 20/20
  5679 | D:11     | Noticed a two-headed ogre
  5689 | D:11     | Killed a two-headed ogre
  5786 | D:11     | Found a staircase to the Orcish Mines.
  5865 | D:11     | Identified the +5 arbalest "Dexuituf" {penet, rC+}
  6044 | D:12     | Noticed a two-headed ogre
  6051 | D:12     | Killed a two-headed ogre
  6190 | D:12     | Noticed a boulder beetle
  6223 | D:12     | Killed a boulder beetle
  6328 | D:12     | Noticed a four-headed hydra
  6336 | D:12     | Killed a four-headed hydra
  6369 | D:12     | Noticed a stone giant
  6378 | D:12     | Killed a stone giant
  6379 | D:12     | Reached skill level 10 in Invocations
  6424 | D:12     | Noticed a frost giant
  6444 | D:12     | Killed a frost giant
  6445 | D:12     | Reached skill level 10 in Armour
  6468 | D:12     | Noticed a deep troll earth mage
  6473 | D:12     | Killed a deep troll earth mage
  6500 | D:12     | Noticed a tengu warrior
  6509 | D:12     | Killed a tengu warrior
  6513 | D:12     | Noticed a four-headed hydra
  6520 | D:12     | Killed a four-headed hydra
  6521 | D:12     | Reached skill level 10 in Fighting
  6543 | D:12     | Noticed a six-headed hydra
  6552 | D:12     | Killed a six-headed hydra
  6561 | D:12     | Identified the +9 spear of the Water Diviner {freeze, rN+}
  6623 | D:12     | Received a gift from Okawaru
  6624 | D:12     | Reached XP level 14. HP: 112/121 MP: 22/22
  7038 | D:13     | Reached skill level 15 in Dodging
  7579 | D:14     | Identified 2 scrolls of acquirement
  7581 | D:14     | Acquired the +2 pair of boots of Pandemonium {+Inv rPois
                  | MP-9 Slay+3}
  7595 | D:14     | Acquired the ring "Leqirph" {+Blink rPois}
  7672 | D:14     | Identified the +4 kite shield of Beyond {Rampage} (Okawaru
                  | gifted it to you on level 14 of the Dungeon)
  7672 | D:14     | Received a gift from Okawaru
  7769 | D:14     | Reached XP level 15. HP: 91/132 MP: 18/23
  7881 | D:14     | Found an opulent altar of Gozag.
  8282 | D:14     | Found a gate to the Vaults.
  8294 | D:14     | Reached skill level 10 in Shields
  8404 | D:15     | Entered Level 15 of the Dungeon
  8412 | D:15     | Noticed Kirke
  8423 | D:15     | Killed Kirke
  8472 | D:15     | Received a gift from Okawaru
  8489 | D:15     | Found a flickering gateway to a bazaar.
  8515 | Bazaar   | Entered a bazaar
  8522 | Bazaar   | Found Lemeonk's Weapon Shop.
  8536 | Bazaar   | Found Nawas's Book Boutique.
  8550 | Bazaar   | Found Ronais's Distillery.
  8558 | Bazaar   | Bought a potion of heal wounds for 45 gold pieces
  8564 | Bazaar   | Found Zulamos's Magic Scroll Boutique.
  8572 | Bazaar   | Bought a scroll of enchant armour for 97 gold pieces
  8572 | Bazaar   | Bought a scroll of enchant armour for 97 gold pieces
  8572 | Bazaar   | Bought a scroll of silence for 97 gold pieces
  8578 | Bazaar   | Found Upypaef's Book Shop.
  8592 | Bazaar   | Found Faxeity's General Store.
  8606 | Bazaar   | Found Ecyebbes's Magic Scroll Shop.
  8826 | D:15     | Found a staircase to the Depths.
  8923 | D:15     | Found a portal to a secret trove of treasure.
  8958 | D:15     | Noticed Jorgrun
  8976 | D:15     | Killed Jorgrun
  8977 | D:15     | Reached XP level 16. HP: 72/141 MP: 17/24
  9137 | Lair:1   | Entered Level 1 of the Lair of Beasts
  9137 | Lair:1   | Noticed Harold
  9163 | Lair:1   | Killed Harold
  9370 | Lair:1   | Noticed Amaemon
  9380 | Lair:1   | Killed Amaemon
  9545 | Lair:2   | Identified the +4 robe of Veumegen {Str+3 Int+4}
  9718 | Lair:2   | Found a transporter.
  9806 | Lair:2   | Found a transporter.
  9842 | Lair:2   | Reached skill level 15 in Armour
 10098 | Lair:3   | Received a gift from Okawaru
 10237 | Lair:3   | Found a staircase to the Swamp.
 10379 | Lair:4   | Found a hole to the Spider Nest.
 10444 | Lair:4   | Acquired the ring "Zyesew" {Fly rElec rC+}
 10570 | Lair:4   | Reached skill level 15 in Maces & Flails
 10703 | Lair:4   | Received a gift from Okawaru
 10855 | Lair:5   | Found a viscous altar of Jiyva.
 10856 | Lair:5   | Found a staircase to the Slime Pits.
 11343 | Lair:6   | Entered Level 6 of the Lair of Beasts
 11507 | Lair:6   | Reached XP level 17. HP: 150/150 MP: 16/25
 11589 | Lair:6   | Received a gift from Okawaru
 12353 | Swamp:1  | Entered Level 1 of the Swamp
 12370 | Swamp:1  | Received a gift from Okawaru
 12601 | Swamp:1  | Reached skill level 16 in Maces & Flails
 12794 | Swamp:2  | Noticed Mlioglotl
 12797 | Arena    | Entered the Arena
 12820 | Arena    | Killed Mlioglotl
 12863 | Swamp:2  | Reached skill level 15 in Shields
 12919 | Swamp:2  | Received a gift from Okawaru
 13122 | Swamp:2  | Gained mutation: You passively map a large area around you.
                  | [Meteoran growth]
 13122 | Swamp:2  | Reached XP level 18. HP: 157/159 MP: 17/26
 13201 | Swamp:2  | Noticed a thorn hunter
 13217 | Swamp:2  | Killed a thorn hunter
 13350 | Swamp:2  | Identified the +2 glaive of Experimentation {vorpal, Str+4
                  | Int+2 Dex+4}
 13535 | Swamp:3  | Noticed Donald
 13552 | Swamp:3  | Killed Donald
 13719 | Swamp:3  | Reached skill level 17 in Maces & Flails
 13770 | Swamp:4  | Entered Level 4 of the Swamp
 13829 | Swamp:4  | Received a gift from Okawaru
 13898 | Swamp:4  | Noticed a bone dragon
 13944 | Swamp:4  | Killed a bone dragon
 14127 | Swamp:4  | Got a decaying rune of Zot
 14349 | Swamp:4  | Reached XP level 19. HP: 140/167 MP: 18/27
 14367 | Swamp:4  | Identified the ring "Kierio" {Fly rElec rF- Will+ Stlth+}
 14573 | Spider:1 | Entered Level 1 of the Spider Nest
 14651 | Spider:1 | Noticed Agnes
 14660 | Spider:1 | Killed Agnes
 14660 | Spider:1 | Received a gift from Okawaru
 14661 | Spider:1 | Reached skill level 18 in Maces & Flails
 14926 | Spider:2 | Reached skill level 5 in Evocations
 14973 | Spider:2 | Identified the +9 long sword of Cowardice {holy, Fly MP+9
                  | Int+4}
 15205 | Spider:3 | Found a runed translucent door.
 15205 | Spider:3 | Found a shimmering altar of Xom.
 15205 | Spider:3 | Noticed NiggerDarts's ghost (adept HuFi)
 15205 | Spider:3 | Identified the +8 broad axe "Pendulum" {chaos, rPois rN+
                  | Int-4}
 15323 | Spider:4 | Entered Level 4 of the Spider Nest
 15366 | Spider:4 | Reached skill level 10 in Evocations
 15384 | Spider:4 | Reached ****** piety under Okawaru
 15485 | Spider:4 | Identified the +7 demon blade of Pigiohir {flame, rPois
                  | MP-9 Int+8 Dex-5} (Okawaru gifted it to you on level 4 of
                  | the Spider Nest)
 15485 | Spider:4 | Received a gift from Okawaru
 15578 | Spider:4 | Reached XP level 20. HP: 134/174 MP: 28/28
 15965 | Spider:4 | Received a gift from Okawaru
 16040 | Spider:4 | Got a gossamer rune of Zot
 16314 | Spider:3 | Received a gift from Okawaru
 16760 | Vaults:1 | Entered Level 1 of the Vaults
 16903 | Vaults:1 | Reached skill level 15 in Fighting
 17114 | Vaults:1 | Identified the +4 plate armour of Rykerras {rF+ rC- Int+4}
                  | (Okawaru gifted it to you on level 1 of the Vaults)
 17114 | Vaults:1 | Received a gift from Okawaru
 17154 | Vaults:1 | Reached XP level 21. HP: 164/185 MP: 22/31
 17195 | Vaults:1 | Found Kecruim's Weapon Shoppe.
 17653 | Vaults:2 | Received a gift from Okawaru
 18097 | Vaults:2 | Glimpsed the power of Zot.
 18114 | Vaults:2 | Reached XP level 22. HP: 195/199 MP: 21/32
 18215 | Vaults:4 | Found Zups's Antique Weapon Shoppe.
 18284 | Vaults:4 | Identified the +8 triple crossbow "Vyofio" {freeze, rF+
                  | Will+} (Okawaru gifted it to you on level 4 of the Vaults)
 18284 | Vaults:4 | Received a gift from Okawaru
 18391 | Vaults:5 | Entered Level 5 of the Vaults
 18401 | Vaults:5 | Reached skill level 1 in Spellcasting
 18401 | Vaults:5 | Reached skill level 1 in Conjurations
 18401 | Vaults:5 | Reached skill level 1 in Transmutations
 18755 | Depths:1 | Entered Level 1 of the Depths
 18820 | Depths:1 | Learned a level 2 spell: Blink
 18826 | Depths:1 | Learned a level 5 spell: Irradiate
 18899 | Depths:1 | Received a gift from Okawaru
 19436 | Depths:2 | Reached XP level 23. HP: 195/209 MP: 24/33
 19517 | Depths:2 | Identified the +0 quick blade of Honour {drain, Contam rF+
                  | Int+4}
 19534 | Depths:2 | Found a corrupted altar of Lugonu.
 19534 | Depths:2 | Found a one-way gate to the infinite horrors of the Abyss.
 19613 | Depths:2 | Found a one-way gateway to a ziggurat.
 19621 | Depths:2 | Reached skill level 5 in Transmutations
 19634 | Depths:2 | Reached skill level 5 in Spellcasting
 19636 | Depths:2 | Reached skill level 5 in Conjurations
 19665 | Depths:2 | Found a gateway to Hell.
 19689 | Hell     | Entered the Vestibule of Hell
 19690 | Hell     | Noticed Geryon
 19708 | Depths:2 | Found a one-way gate leading to the halls of Pandemonium.
 19956 | Depths:2 | Glimpsed the power of Zot.
 20059 | Depths:3 | Identified the +4 plate armour of Resonance {Str+4 Int+3
                  | Stlth-} (Okawaru gifted it to you on level 3 of the Depths)
 20059 | Depths:3 | Received a gift from Okawaru
 20073 | Depths:3 | Found a blossoming altar of Fedhas.
 20113 | Depths:4 | Entered Level 4 of the Depths
 20182 | Depths:4 | Noticed Frederick
 20195 | Depths:4 | Killed Frederick
 20343 | Depths:3 | Noticed a caustic shrike
 20346 | Depths:3 | Noticed a caustic shrike
 20347 | Depths:3 | Noticed a caustic shrike
 20348 | Depths:3 | Noticed a caustic shrike
 20350 | Depths:3 | Noticed a caustic shrike
 20355 | Depths:3 | Found a bloodstained altar of Trog.
 20412 | Depths:3 | Identified the +6 long sword "Trog's Outrage" {vorpal, rN+
                  | Int+3 SInv}
 20454 | Depths:3 | Noticed a golden dragon
 20463 | Depths:3 | Killed a golden dragon
 20468 | Depths:3 | Killed a caustic shrike
 20469 | Depths:3 | Killed a caustic shrike
 20470 | Depths:3 | Killed a caustic shrike
 20473 | Depths:3 | Killed a caustic shrike
 20474 | Depths:3 | Reached XP level 24. HP: 192/216 MP: 2/37
 20478 | Depths:3 | Identified the +0 buckler of Asceticism {rPois rF- rN+
                  | Int+3}
 20479 | Depths:3 | Killed a caustic shrike
 20563 | Depths:3 | Gained mutation: You occasionally lose the ability to drink
                  | potions when taking damage. [mutagenic glow]
 20584 | Depths:3 | Identified the +8 morningstar "Akkosoph" {vorpal, Fly rPois
                  | rC+ Dex-3} (Okawaru gifted it to you on level 3 of the
                  | Depths)
 20584 | Depths:3 | Received a gift from Okawaru
 20585 | Depths:3 | Reached skill level 10 in Transmutations
 20607 | Depths:3 | Reached skill level 10 in Spellcasting
 20644 | Depths:3 | Reached skill level 10 in Conjurations
 20698 | Depths:2 | Identified the +5 quarterstaff "Durut" {spect, Dex+5}
 20887 | Depths:4 | Found a gate to the Realm of Zot.
 21531 | Vaults:5 | Noticed a golden dragon
 21546 | Vaults:5 | Killed a golden dragon
 21569 | Vaults:5 | Reached skill level 1 in Hexes
 21569 | Vaults:5 | Reached skill level 1 in Translocations
 21629 | Vaults:5 | Noticed an ancient lich
 21631 | Arena    | Entered the Arena
 21647 | Arena    | Killed an ancient lich
 21688 | Vaults:5 | Identified the +0 pair of boots of the Blue Moon {rN+}
                  | (Okawaru gifted it to you on level 5 of the Vaults)
 21688 | Vaults:5 | Received a gift from Okawaru
 21704 | Vaults:5 | Reached XP level 25. HP: 191/224 MP: 25/38
 21748 | Vaults:5 | Found Zurungov's Distillery.
 21755 | Vaults:5 | Bought a potion of magic for 120 gold pieces
 21755 | Vaults:5 | Bought 2 potions of magic for 240 gold pieces
 21761 | Vaults:5 | Learned a level 5 spell: Yara's Violent Unravelling
 21766 | Vaults:5 | Learned a level 4 spell: Passage of Golubria
 21772 | Vaults:5 | Learned a level 5 spell: Manifold Assault
 21778 | Vaults:5 | Learned a level 5 spell: Silence
 21784 | Vaults:5 | Learned a level 5 spell: Borgnjor's Vile Clutch
 21786 | Vaults:5 | Learned a level 1 spell: Apportation
 21853 | Vaults:5 | Reached skill level 5 in Hexes
 21853 | Vaults:5 | Reached skill level 5 in Translocations
 21951 | Vaults:5 | Identified the +1 leather armour of Weirdness {-Tele rElec
                  | rF++ Int+4}
 21959 | Vaults:5 | Identified the +7 mace of Slow Death {flame, rElec rF- rC+
                  | Int+2}
 21959 | Vaults:5 | Identified the ring "Jonto" {Fly rF+ Will- SInv}
 22206 | Vaults:5 | Got a silver rune of Zot
 22303 | Vaults:5 | Lost mutation: You are partially covered in iridescent
                  | scales. (AC +2) [potion of mutation]
 22303 | Vaults:5 | Lost mutation: Your flesh is cold resistant. (rC+) [potion
                  | of mutation]
 22303 | Vaults:5 | Lost mutation: You occasionally lose the ability to drink
                  | potions when taking damage. [potion of mutation]
 22303 | Vaults:5 | Gained mutation: You are occasionally teleported next to
                  | monsters. [potion of mutation]
 22303 | Vaults:5 | Gained mutation: You have sharp toenails. [potion of
                  | mutation]
 22303 | Vaults:5 | Gained mutation: You are partially covered in iridescent
                  | scales. (AC +2) [potion of mutation]
 22303 | Vaults:5 | Gained mutation: You expend magic power (3 MP) to
                  | strengthen your wands. [potion of mutation]
 22304 | Vaults:5 | Lost mutation: You are occasionally teleported next to
                  | monsters. [potion of mutation]
 22304 | Vaults:5 | Lost mutation: You have sharp toenails. [potion of
                  | mutation]
 22304 | Vaults:5 | Lost mutation: You expend magic power (3 MP) to strengthen
                  | your wands. [potion of mutation]
 22304 | Vaults:5 | Gained mutation: Your mind is acute. (Int +4, Str/Dex -1)
                  | [potion of mutation]
 22304 | Vaults:5 | Gained mutation: You expend magic power (3 MP) to
                  | strengthen your wands. [potion of mutation]
 22461 | Vaults:5 | Noticed a golden dragon
 22468 | Vaults:5 | Killed a golden dragon
 22987 | Zot:1    | Entered Level 1 of the Realm of Zot
 22987 | Zot:1    | Noticed an orb of fire
 23013 | Zot:1    | Gained mutation: You occasionally lose the ability to drink
                  | potions when taking damage. [an orb of fire]
 23015 | Zot:1    | Killed an orb of fire
 23015 | Zot:1    | Identified the +2 robe of Claustrophobia {Str+5 Dex-4 SInv}
                  | (Okawaru gifted it to you on level 1 of the Realm of Zot)
 23015 | Zot:1    | Received a gift from Okawaru
 23187 | Zot:1    | Noticed a golden dragon
 23200 | Zot:1    | Killed a golden dragon
 23262 | Zot:1    | Reached XP level 26. HP: 164/232 MP: 23/42
 23274 | Zot:1    | Gained mutation: You are frail. (-10% HP) [mutagenic glow]
 23297 | Zot:1    | Reached skill level 10 in Translocations
 23531 | Depths:3 | Found a basalt altar of Yredelemnul.
 23559 | Depths:4 | Glimpsed the power of Zot.
 23644 | Arena    | Entered the Arena
 23912 | Zot:3    | Noticed Grunn
 23924 | Zot:3    | Reached skill level 15 in Transmutations
 23937 | Zot:3    | Killed Grunn
 23945 | Zot:3    | Noticed Vv
 23965 | Zot:2    | Acquired the amulet "Hibeym" {Reflect +Blink rElec rF+
                  | Int+4 SH+5}
 24038 | Zot:2    | Lost mutation: You are partially covered in iridescent
                  | scales. (AC +2) [potion of mutation]
 24038 | Zot:2    | Lost mutation: You expend magic power (3 MP) to strengthen
                  | your wands. [potion of mutation]
 24038 | Zot:2    | Gained mutation: You are clumsy. (Dex -2) [potion of
                  | mutation]
 24038 | Zot:2    | Gained mutation: You have large cloven feet. [potion of
                  | mutation]
 24038 | Zot:2    | Gained mutation: You possess an exceptional clarity of
                  | mind. [potion of mutation]
 24039 | Zot:2    | Lost mutation: Your mind is acute. (Int +4, Str/Dex -1)
                  | [potion of mutation]
 24039 | Zot:2    | Lost mutation: You are clumsy. (Dex -2) [potion of
                  | mutation]
 24039 | Zot:2    | Lost mutation: You are frail. (-10% HP) [potion of
                  | mutation]
 24039 | Zot:2    | Lost mutation: You possess an exceptional clarity of mind.
                  | [potion of mutation]
 24039 | Zot:2    | Gained mutation: You have sharp fingernails. [potion of
                  | mutation]
 24039 | Zot:2    | Gained mutation: Your system is resistant to poisons.
                  | (rPois) [potion of mutation]
 24040 | Zot:2    | Lost mutation: You have large cloven feet. [potion of
                  | mutation]
 24040 | Zot:2    | Lost mutation: Your system is resistant to poisons. (rPois)
                  | [potion of mutation]
 24040 | Zot:2    | Gained mutation: Your spells are a little easier to cast,
                  | but a little less powerful. [potion of mutation]
 24040 | Zot:2    | Gained mutation: You have an increased reservoir of magic.
                  | (+10% MP) [potion of mutation]
 24040 | Zot:2    | Gained mutation: You have hidden genetic potential. [potion
                  | of mutation]
 24041 | Zot:2    | Lost mutation: Your spells are a little easier to cast, but
                  | a little less powerful. [potion of mutation]
 24041 | Zot:2    | Lost mutation: You occasionally lose the ability to drink
                  | potions when taking damage. [potion of mutation]
 24041 | Zot:2    | Gained mutation: You are dopey. (Int -2) [potion of
                  | mutation]
 24041 | Zot:2    | Gained mutation: You are partially covered in iridescent
                  | scales. (AC +2) [potion of mutation]
 24041 | Zot:2    | Gained mutation: Your body sometimes deteriorates upon
                  | taking damage. [potion of mutation]
 24041 | Zot:2    | Gained mutation: You are partially covered in large bone
                  | plates. (SH +4) [potion of mutation]
 24116 | Zot:3    | Received a gift from Okawaru
 24201 | Zot:5    | Entered Level 5 of the Realm of Zot
 24307 | Zot:5    | Found a runed translucent gate.
 24307 | Zot:5    | Found a runed translucent gate.
 24308 | Zot:5    | Found a runed translucent gate.
 24309 | Zot:5    | Noticed a curse toe
 24311 | Zot:5    | Noticed Oczupsu's ghost (legendary GrFi)
 24413 | Zot:5    | Reached XP level 27. HP: 239/239 MP: 25/46
 24464 | Zot:5    | Reached skill level 19 in Maces & Flails
 24474 | Zot:5    | Noticed an orb of fire
 24485 | Zot:5    | Killed an orb of fire
 24495 | Zot:5    | Noticed an ancient lich
 24501 | Zot:5    | Killed an ancient lich
 24510 | Zot:5    | Received a gift from Okawaru
 24517 | Zot:5    | Noticed an orb of fire
 24517 | Zot:5    | Noticed a Killer Klown
 24518 | Arena    | Entered the Arena
 24529 | Arena    | Killed an orb of fire
 24547 | Zot:5    | Noticed a Killer Klown
 24550 | Zot:5    | Noticed an orb of fire
 24552 | Arena    | Entered the Arena
 24554 | Arena    | Gained mutation: You are very dopey. (Int -4) [an orb of
                  | fire]
 24559 | Arena    | Gained mutation: Your spells are a little easier to cast,
                  | but a little less powerful. [an orb of fire]
 24566 | Arena    | Killed an orb of fire
 24579 | Zot:5    | Reached skill level 20 in Maces & Flails
 24589 | Zot:5    | Noticed a dread lich
 24593 | Zot:5    | Noticed an orb of fire
 24595 | Arena    | Entered the Arena
 24597 | Arena    | Gained mutation: You are clumsy. (Dex -2) [an orb of fire]
 24604 | Arena    | Gained mutation: You occasionally lose the ability to read
                  | scrolls when taking damage. [mutagenic glow]
 24614 | Arena    | Killed an orb of fire
 24628 | Zot:5    | Killed a Killer Klown
 24631 | Zot:5    | Noticed a dread lich
 24632 | Zot:5    | Killed a dread lich
 24632 | Zot:5    | Lost mutation: You have hidden genetic potential.
                  | [mutagenic glow]
 24633 | Zot:5    | Noticed a Killer Klown
 24640 | Zot:5    | Killed a dread lich
 24641 | Zot:5    | Reached skill level 21 in Maces & Flails
 24641 | Zot:5    | Killed a Killer Klown
 24646 | Zot:5    | Killed a Killer Klown
 24656 | Zot:5    | Gained mutation: You do not regenerate when monsters are
                  | visible. [mutagenic glow]
 24662 | Zot:5    | Noticed an orb of fire
 24679 | Zot:5    | Gained mutation: You are weak. (Str -2) [an orb of fire]
 24681 | Zot:5    | Killed an orb of fire
 24699 | Zot:5    | Gained mutation: You are frail. (-10% HP) [mutagenic glow]
 24706 | Zot:5    | Got the Orb of Zot
 24725 | Zot:5    | Noticed Mihorph the pandemonium lord
 24730 | Zot:5    | Noticed an orb of fire
 24731 | Zot:5    | Noticed a Killer Klown
 24733 | Zot:5    | Noticed a Killer Klown
 24885 | Zot:1    | Noticed Yreanuom the pandemonium lord
 24894 | Zot:1    | Killed Yreanuom the pandemonium lord
 24947 | Depths:2 | Noticed Bupn the pandemonium lord
 25394 | D:$      | Escaped with the Orb!

Illustrated notes

Levels and vault maps discovered:
D:1:      minmay_arrival_solitary_statue, layout_loops_ring,
          hellmonk_ecumenical_altar_watching_god
D:2:      layout_rooms, basic_altar, minmay_misc_feat_encased
D:3:      layout_rooms, cheibrodos_ashenzari_chains, biasface_ghost_orc_armoury
D:4:      layout_gridville, mainiacjoe_overflow_alcove_2,
          gammafunk_ghost_mausoleum
D:5:      layout_basic, minmay_temple_entry_statues_pillars, uniq_grinder,
          uniq_menkaure
D:6:      layout_basic, serial_shops, nicolae_shop_advertising_works
          [nicolae_subvault_shop_adworks], uniq_blork_the_orc, uniq_maggie
D:7:      layout_cave_pools, uniq_pikel, uniq_crazy_yiuf_cottage
D:8:      layout_basic, nemelex_xobeh_ov_fountains_minmay, uniq_prince_ribbit1,
          uniq_erica
D:9:      layout_big_octagon, enter_bailey_2, minmay_shop_damaged
D:10:     layout_long_grid, erik_lair_island, serial_shops, nicolae_square_shop
D:11:     layout_rooms, orc_0_dummy, minmay_misc_feat_chi,
          minmay_joined_circles, uniq_nergalle
D:12:     minmay_box_of_curves, layout_cave_pools
D:13:     layout_roguey, minivault_22
D:14:     layout_loops_corners, grunt_vaults_entry_tiered, serial_demonic,
          serial_demonic_e, serial_demonic_e, serial_demonic_a,
          serial_demonic_d, nicolae_gozag_cash_rules_everything_around_me
D:15:     grunt_enter_depths_magical_seal, layout_gridville, enter_trove_1,
          serial_shops, bzr_entry_dummy, nrook_uturn, uniq_kirke, uniq_jorgrun
Lair:1:   dragon1_lemuel, layout_gridlike, serial_bayou, serial_bayou_pond_d,
          serial_bayou_pond_a, serial_bayou_crossing, serial_bayou_pond_e,
          grunt_megastairs_2, uniq_harold, uniq_amaemon
Lair:2:   gammafunk_cloud_chamber, layout_chaotic_city
Lair:3:   layout_long_grid, skrybe_swamp_entry_bodies
Lair:4:   layout_cave_pods, spider_nest_entry_web_field, minmay_lair_drake_nest
Lair:5:   layout_regular_city, dpeg_slime_entry_corner, forest_entry_grove
Lair:6:   minmay_lair_end_enchanted_forest, layout_layer_cave,
          lemuel_fruit_fields, grunt_megastairs_4
Swamp:1:  layout_falls_marsh, hangedman_swamp_ruin_wall, swamp_pool1,
          infiniplex_staircase_pool
Swamp:2:  nicolae_swamp_flooded_prison, layout_basic_swamp,
          evilmike_swamp_ruin_rubble_1, swamp_pool2, uniq_mlioglotl
Swamp:3:  nicolae_swamp_husk_halls, layout_falls_marsh,
          evilmike_swamp_ruin_wall, swamp_pool1, uniq_donald
Swamp:4:  swamp_pestilence, layout_basic_swamp, swamp_pool1, grunt_hermit_hut
Spider:1: layout_spider_delve, nicolae_spider_webs_and_nodes, uniq_agnes
Spider:2: layout_cave_pods, hellmonk_spider_spawner, nicolae_spider_cling_halls
Spider:3: layout_spider_delve, ebering_ghost_xom
Spider:4: grunt_spider_rune_circles, nicolae_spider_eight_legs
Vaults:1: v_misc_29, nicolae_vaults_little_squares_6, hangedman_vaults_nodes,
          v_misc_28, grunt_vaults_focal, nicolae_vaults_border_crossing,
          hangedman_vaults_stream, vaults_dpeg_diagonal, v_pattern_3,
          nicolae_vaults_asterisk, v_alt_pattern_3, grunt_vaults_hallway_short,
          layout_vaults_maze_bifur, serial_shops, nicolae_shop_crystal
Vaults:2: nicolae_vaults_stairing_the_circle, v_misc_33, v_misc_3,
          ontoclasm_vaults_pinch, ontoclasm_vaults_idyll,
          vaults_standard_mumra_enter_the_diamond, vaults_dpeg_ring,
          nicolae_vaults_angled_halls, special_room_vaults [special_room_orc],
          layout_vaults_omnigrid
Vaults:3: minmay_crypt_entry_necro_gods, hangedman_vaults_stretched_pinwheel,
          v_misc_17, ontoclasm_vaults_chip, v_rooms_1, vaults_room_fours,
          v_misc_13, nicolae_vaults_shelves_hall,
          nicolae_vaults_ring_of_whatevers, nicolae_vaults_circle_grid_b,
          special_room_vaults [special_room_orc], vaults_room_grid,
          nicolae_vaults_asterisk, vaults_room_grid, v_misc_31,
          hangedman_vaults_slice, nicolae_vaults_what_the_h,
          nicolae_vaults_asterisk, vaults_room_pool, layout_vaults_big_cross
Vaults:4: ontoclasm_vaults_tryst, v_alt_pattern_2, st_squares, v_rooms_2,
          hangedman_vaults_unwind, vaults_standard_mumra_enter_the_diamond,
          ontoclasm_vaults_loading_screen, v_alt_pattern_1,
          vaults_dpeg_encased_lava, v_misc_2, ontoclasm_vaults_decontamination,
          vaults_mumra_minichess, vaults_room_door_ring,
          layout_vaults_chaotic_city, serial_shops,
          nicolae_shop_overgrown_old_shop
Vaults:5: serial_shops
Depths:1: layout_basic, serial_sigils, serial_sigils_hangedman_snap,
          serial_sigils_hangedman_scratch, serial_sigils_hangedman_quiver,
          serial_sigils_hangedman_leer, hangedman_geh_valley
Depths:2: hellmonk_ruined_rings, layout_gridlike, enter_ziggurat_f,
          grunt_decor_resistance, hell_entry, abyss_entry_flame_altar,
          rand_demon_pan_entry_5, wad_dig_loot,
          infiniplex_staircase_split_hallway, firewood_loft
Depths:3: grunt_profane_halls [grunt_profane_temple_dis,
          grunt_profane_temple_tar, grunt_profane_temple_geh,
          grunt_profane_temple_coc, grunt_profane_loot], abyss_entry,
          hell_entry, pan_entry
Depths:4: evilmike_zot_entry_basic, layout_gridlike, grunt_hell_entry_dis_mu,
          rand_demon_pan_entry_7, abyss_entry, interstate_on_off,
          hangedman_decor_push, nicolae_tso_carved_into_rock, uniq_frederick
Hell
Zot:1:    layout_twisted_circle, st_single_dragon_hoard_1
Zot:2:    layout_misc_corridors, grunt_ministairs_5
Zot:3:    layout_twisted_circle, uniq_tiamat, uniq_grunn, uniq_vv
Zot:4:    layout_basic, uniq_parghit
Zot:5:    layout_misc_corridors, gammafunk_ghost_tricky_traps

Skill      XL: |  1  2  3  4  5  6  7  8  9 10 11 12 13 14 15 16 17 18 19 20 21 22 23 24 25 26 27 |
---------------+----------------------------------------------------------------------------------+-----
Maces & Flails | 3 4 5 6 7 8 9 10 11 14 15 16 17 18 21 | 21.9
Fighting       | 4 5 6 7 8 10 12 13 14 15 17 18 19 | 19.5
Invocations    | 1 2 4 5 8 10 12 | 12.0
Armour         | 4 5 6 8 10 13 14 15 16 17 18 19 20 | 20.0
Shields        | 4 5 6 7 11 13 15 16 17 18 | 18.0
Evocations     | 2 4 12 | 12.0
Dodging        | 7 13 14 15 16 17 18 19 20 | 20.0
Spellcasting   | 4 9 10 14 | 14.0
Conjurations   | 4 9 12 | 12.0
Transmutations | 4 9 12 13 15 | 15.0
Hexes          | 4 6 |  6.0
Translocations | 4 8 14 | 14.0

Action                   |  1- 3 |  4- 6 |  7- 9 | 10-12 | 13-15 | 16-18 | 19-21 | 22-24 | 25-27 || total
-------------------------+-------+-------+-------+-------+-------+-------+-------+-------+-------++-------
Melee: Flail             |    74 |   155 |   199 |   105 |       |       |       |       |       ||   533
       Whip              |       |       |       |    44 |       |       |       |       |       ||    44
       Mace              |       |       |       |   401 |   759 |  1460 |    37 |       |       ||  2657
       Eveningstar       |       |       |       |       |       |       |  1195 |  1231 |   936 ||  3362
Throw: Dart              |       |       |       |     4 |     4 |       |     2 |       |       ||    10
       Throwing net      |       |       |       |       |       |       |     2 |       |       ||     2
 Cast: Irradiate         |       |       |       |       |       |       |       |    10 |    68 ||    78
       Blink             |       |       |       |       |       |       |       |     2 |     1 ||     3
       Manifold Assault  |       |       |       |       |       |       |       |       |     3 ||     3
Invok: Heroism           |       |       |     3 |    17 |    25 |    26 |    26 |    22 |    38 ||   157
       Finesse           |       |       |       |     5 |     9 |     4 |     9 |     7 |     6 ||    40
       Duel              |       |       |       |       |       |     1 |       |     1 |     4 ||     6
 Abil: Evoke Blink       |       |       |       |       |       |       |     1 |       |       ||     1
Evoke: Wand              |       |       |     4 |    24 |    15 |     2 |    17 |     2 |    14 ||    78
       Lightning rod     |       |       |       |       |       |       |       |     6 |     4 ||    10
       Tin of tremorston |       |       |       |       |       |       |       |       |     9 ||     9
       Condenser vane    |       |       |       |       |       |       |       |       |     3 ||     3
       Phial of floods   |       |       |       |       |       |       |       |       |     2 ||     2
  Use: Potion            |     1 |     1 |     4 |     1 |     1 |     1 |     4 |     5 |    26 ||    44
       Scroll            |       |     5 |     8 |     4 |    15 |     5 |    13 |    11 |    14 ||    75
 Stab: Paralysed         |       |       |       |       |       |       |       |       |    11 ||    11
Armor: Chain mail        |    67 |   126 |   136 |   266 |       |       |       |       |       ||   595
       Scale mail        |       |       |       |    20 |   169 |       |       |       |       ||   189
       Fire dragon scale |       |       |       |       |    30 |   431 |   640 |   493 |   331 ||  1925
Dodge: Dodged            |    21 |    64 |    71 |   242 |   564 |   894 |   954 |   712 |   459 ||  3981
Block: Buckler           |    24 |    73 |    40 |   157 |   169 |       |       |       |       ||   463
       Kite shield       |       |       |       |       |   288 |  1527 |  1532 |  1204 |   903 ||  5454
       Reflection        |       |       |       |       |       |       |       |       |     9 ||     9

Table legend: (Time is in decaauts)
 A = Elapsed time spent in this place.
 B = Non-inter-level travel time spent in this place.
 C = Inter-level travel time spent in this place.
 D = Time resting spent in this place.
 E = Time spent auto-exploring this place.
 F = Levels seen in this place.
 G = Mean time per level.
                   A        B        C        D        E       F      G
               +--------+--------+--------+--------+--------+-----+--------+
         Total |  23313 |  18486 |   4827 |    130 |      0 |  52 |  448.3 |
       Dungeon |   9137 |   7126 |   2011 |    122 |      0 |  15 |  609.1 |
          Lair |   3198 |   2646 |    552 |      0 |      0 |   6 |  533.0 |
         Swamp |   1962 |   1622 |    340 |      0 |      0 |   4 |  490.5 |
   Spider Nest |   1784 |   1463 |    321 |      0 |      0 |   4 |  446.0 |
        Vaults |   2866 |   1950 |    916 |      0 |      0 |   5 |  573.2 |
        Depths |   2405 |   1984 |    421 |      0 |      0 |   4 |  601.2 |
          Hell |     10 |     10 |      0 |      0 |      0 |   1 |   10.0 |
           Zot |   1467 |   1205 |    262 |      8 |      0 |   5 |  293.4 |
        Bazaar |    115 |    115 |      0 |      0 |      0 |   1 |  115.0 |
        Bailey |    288 |    288 |      0 |      0 |      0 |   1 |  288.0 |
         Arena |     76 |     76 |      0 |      0 |      0 |   6 |   12.7 |
               +--------+--------+--------+--------+--------+-----+--------+

Top non-repeatable levels by time:
    D:14: 1206 daAuts
Vaults:5: 898 daAuts
  Lair:6: 840 daAuts
Vaults:1: 810 daAuts
Depths:2: 753 daAuts
    D:15: 729 daAuts
Vaults:2: 724 daAuts
Depths:3: 709 daAuts
    D:12: 698 daAuts
    D:10: 698 daAuts
     D:6: 684 daAuts
    D:13: 671 daAuts
     D:5: 661 daAuts
 Swamp:2: 656 daAuts
    D:11: 640 daAuts
